 Dungeon Crawl Stone Soup version 0.20-a0-1114-g33edf32 (webtiles) character file.

534 grindst0ne the Skirmisher (level 7, -9/59 HPs)
             Began as a Formicid Fighter on May 6, 2017.
             Mangled by an ogre
             ... wielding a +0 giant club
              (22 damage)
             ... on level 4 of the Dungeon.
             The game lasted 00:08:45 (3096 turns).

grindst0ne the Skirmisher (Formicid Fighter)        Turns: 3096, Time: 00:08:46

Health: -9/59      AC: 14    Str: 20    XL:     7   Next: 50%
Magic:  7/7        EV:  4    Int:  8    God:    Xom [...*..]
Gold:   130        SH:  9    Dex: 12    Spells: 6/6 levels left

rFire    . . .     SeeInvis +   a - +0 war axe
rCold    . . .     Gourm    .   c - +0 shield
rNeg     . . .     Faith    .   r - +0 plate armour
rPois    +         Spirit   .   (helmet unavailable)
rElec    .         Reflect  .   (no cloak)
rCorr    .         Harm     .   (no gloves)
MR       .....                  (no boots)
Stlth    ..........             (no amulet)
Regen    0.2/turn               (no ring)
MPRegen  0.1/turn               (no ring)

@: no status effects
A: permanent stasis, dig shafts and tunnels, four strong arms, antennae 3, icy
blue scales 1, poison resistance
a: Dig, Shaft Self, Renounce Religion


You were on level 4 of the Dungeon.
You worshipped Xom.
You were a favourite toy of Xom.
You were not hungry.

You visited 1 branch of the dungeon, and saw 4 of its levels.
You also visited: Sewer.

You collected 130 gold pieces.

Inventory:

Hand Weapons
 a - a +0 war axe (weapon)
Armour
 b - a +0 scale mail
 c - a +0 shield (worn)
 r - a +0 plate armour (worn)
Jewellery
 k - an uncursed ring of protection from fire {unknown}
 m - an uncursed ring of see invisible {unknown}
Scrolls
 g - 3 scrolls of blinking {unknown}
 h - a scroll of remove curse {unknown}
 l - 3 scrolls of teleportation {unknown}
 n - 7 scrolls of identify {unknown}
 p - a scroll of immolation {unknown}
 s - 3 scrolls of recharging {unknown}
 t - a scroll of enchant armour {unknown}
Potions
 d - a potion of heal wounds {unknown}
 e - 2 potions of curing
 i - 2 potions of haste
 j - a potion of flight {unknown}
 o - a potion of lignification {unknown}
 u - a potion of invisibility {unknown}
Comestibles
 f - a bread ration
 q - 3 meat rations
 v - 3 chunks of flesh


   Skills:
 + Level 6.8 Fighting
 - Level 2.0 Axes
 + Level 6.4 Armour
 - Level 3.6 Shields


You had 6 spell levels left.
You didn't know any spells.

Dungeon Overview and Level Annotations

Branches:
Dungeon (4/15)
 Temple: D:4-7

Altars:
Xom


Innate Abilities, Weirdness & Mutations

You cannot be hasted, slowed, berserked, paralysed or teleported.
You can dig through walls and to a lower floor.
Your four strong arms can wield two-handed weapons with a shield.
You have a pair of large antennae on your head. (SInv)
You are partially covered in icy blue scales. (AC +2)
Your system is resistant to poisons. (rPois)


Message History

You can't dig through that.
An ogre comes into view. It is wielding a giant club.
The ogre shouts!
Found a scroll labeled FEEGI DUOL YNT.
Found a stone staircase leading down.
The ogre hits you with a giant club!
You barely miss the ogre. The ogre hits you with a giant club!!
You slash the ogre!
The ogre is heavily wounded.
The ogre barely misses you.
An ogre comes into view. It is wielding a giant spiked club.
You barely miss the ogre.
The ogre is heavily wounded.
The ogre hits you with a giant club!!
* * * LOW HITPOINT WARNING * * *
You block the ogre's attack.
You almost hear Xom's maniacal laughter.
Wisps of poison gas drift from your ears.
The ogre hits you with a giant club!!
You die...
Xom chortles!

. ###. #.. ... #.# {
## #.#
#...#########.#
#...<)......#######
#...#####.......@OO.#
## #.##..#####.#
#.##..# #.# #.##..#
#.# #.##..# #.#
......# #.# ..###.#
#.# #. #.# ####.##


You could see 2 ogres.

Vanquished Creatures
  Grinder (D:3)
  Purgy (Sewer)
  8 gnolls
  5 adders
  A river rat (D:3)
  An ooze (D:3)
  2 dart slugs
  5 worms (D:3)
  4 orcs (D:4)
  A ball python (D:3)
  5 giant cockroaches
  5 goblins
  6 hobgoblins
  9 jackals
  A quokka (D:2)
  15 bats
  4 frilled lizards
  10 kobolds
  10 rats
94 creatures vanquished.

Notes
Turn   | Place    | Note
-------+----------+-------------------------------------------
     0 | D:1      | grindst0ne the Formicid Fighter began the quest for the Orb.
     0 | D:1      | Reached XP level 1. HP: 18/18 MP: 1/1
   201 | D:1      | Reached XP level 2. HP: 24/24 MP: 2/2
   534 | D:1      | Reached XP level 3. HP: 27/30 MP: 3/3
  1202 | D:2      | Reached XP level 4. HP: 37/37 MP: 4/4
  1554 | D:2      | Reached XP level 5. HP: 12/43 MP: 5/5
  1859 | D:3      | Found a faded altar of an unknown god.
  1872 | D:3      | Reached skill level 5 in Fighting
  1936 | D:3      | Became a worshipper of Xom of Chaos
  2077 | D:3      | Noticed Grinder
  2077 | D:3      | XOM: potion effect (brilliance)
  2093 | D:3      | Killed Grinder
  2093 | D:3      | Reached skill level 5 in Armour
  2093 | D:3      | Reached XP level 6. HP: 30/52 MP: 6/6
  2113 | D:3      | Reached XP level 7. HP: 36/58 MP: 7/7
  2217 | D:3      | XOM: divination: detect items
  2240 | D:3      | Found a glowing drain.
  2249 | Sewer    | Entered a sewer
  2439 | Sewer    | Noticed Purgy
  2446 | Sewer    | XOM: divination: detect items
  2467 | Sewer    | Killed Purgy
  3018 | D:3      | XOM: give mutations
  3018 | D:3      | Gained mutation: You are partially covered in icy blue scales. (AC +2) [Xom's grace]
  3018 | D:3      | Gained mutation: Your system is resistant to poisons. (rPois) [Xom's grace]
  3095 | D:4      | XOM: harmless Pois miscast
  3096 | D:4      | Mangled by an ogre

Vault maps used:
D:1:      tarquinn_simple_flora_water_f
D:3:      lightli_sewer_entry_pipes, chequers_ecumenical_altar_simple,
          uniq_grinder
D:4:      lemuel_temple_firewalk_b
Sewer:    sewer_big_baddie

Skill      XL: |  1  2  3  4  5  6  7 |
---------------+----------------------+-----
Fighting       | 4 6 |  6.8
Armour         | 4 5 6 |  6.4
Axes           | |  2.0
Shields        | |  3.6

Action                   |  1- 3 |  4- 6 |  7- 9 || total
-------------------------+-------+-------+-------++-------
Melee: War axe           |   121 |   102 |   168 ||   391
 Abil: Dig               |       |     1 |     1 ||     2
  Use: Potion            |       |     2 |     1 ||     3
  Eat: Chunk             |     1 |     3 |     4 ||     8
Armor: Scale mail        |    84 |    27 |       ||   111
       Plate armour      |       |    21 |   178 ||   199
Dodge: Dodged            |    58 |    29 |    43 ||   130
Block: Shield            |    81 |    56 |   123 ||   260
